 Dungeon Crawl Stone Soup version 0.22-a0-266-g5fdf0d7 (webtiles) character file.

248 Spoonicorn the Cudgeler (level 6, -22/65 HPs)
             Began as an Ogre Berserker on Mar 8, 2018.
             Was a Believer of Trog.
             Annihilated by an ogre
             ... wielding a +0 giant club
              (29 damage)
             ... on level 4 of the Dungeon.
             The game lasted 00:08:48 (2760 turns).

Spoonicorn the Cudgeler (Ogre Berserker)            Turns: 2760, Time: 00:08:49

Health: -22/65     AC: 10    Str: 24    XL:     6   Next: 12%
Magic:  6/6        EV: 10    Int:  8    God:    Trog [**....]
Gold:   119        SH:  0    Dex:  8    Spells: 5/5 levels left

rFire    . . .     SeeInvis .   d - +1 mace (protect)
rCold    + . .     Gourm    .   (no shield)
rNeg     . . .     Faith    .   b - +0 animal skin
rPois    .         Spirit   .   (helmet restricted)
rElec    .         Reflect  .   (no cloak)
rCorr    .         Harm     .   (gloves unavailable)
MR       +....                  (boots unavailable)
Stlth    +.........             (no amulet)
HPRegen  0.20/turn              k - ring of protection from magic
MPRegen  0.10/turn              r - ring of protection from cold

@: protection aura
A: large, unfitting armour, tough skin 1
a: Berserk, Trog's Hand, Renounce Religion


You were on level 4 of the Dungeon.
You worshipped Trog.
Trog was pleased with you.
You were not hungry.

You visited 1 branch of the dungeon, and saw 4 of its levels.

You collected 119 gold pieces.

Inventory:

Hand Weapons
 a - a +0 mace
 d - a +1 mace of protection (weapon)
 v - a +0 giant club
Armour
 b - a +0 animal skin (worn)
Jewellery
 k - a ring of protection from magic (left hand)
 q - an uncursed ring of flight
 r - a ring of protection from cold (right hand)
Wands
 u - a wand of acid (9)
Scrolls
 f - 2 scrolls of enchant armour {unknown}
 g - 2 scrolls of teleportation {unknown}
 h - 3 scrolls of remove curse {unknown}
 n - 2 scrolls of fog {unknown}
 o - 5 scrolls of identify {unknown}
 p - 2 scrolls of fear {unknown}
 s - a scroll of amnesia {unknown}
Potions
 e - 2 potions of berserk rage {unknown}
 i - a potion of cancellation {unknown}
 j - 2 potions of brilliance {unknown}
 l - 2 potions of lignification {unknown}
 m - a potion of flight {unknown}
 t - a potion of haste {unknown}
 w - a potion of agility {unknown}
Comestibles
 c - 4 rations


   Skills:
 + Level 4.9 Fighting
 * Level 5.1 Maces & Flails
 + Level 3.6 Dodging


You had 5 spell levels left.
You didn't know any spells.

Dungeon Overview and Level Annotations

Branches:
Dungeon (4/15)
 Temple: D:4-7

Altars:
Kikubaaqudgha
Uskayaw
Vehumet
The Shining One


Innate Abilities, Weirdness & Mutations

You are too large for most types of armour.
You have tough skin. (AC +1)


Message History

The ogre shouts!
You hit the ogre.
Your weapon exudes an aura of protection.
The ogre is moderately wounded.
The ogre completely misses you.
You hit the ogre.
The ogre is heavily wounded.
The ogre hits you with a giant club!
You hit the ogre.
The ogre is heavily wounded.
The ogre hits you with a giant club!!
* * * LOW HITPOINT WARNING * * *
You hit the ogre.
The ogre is severely wounded.
The ogre hits you with a giant club.
* * * LOW HITPOINT WARNING * * *
You hit the ogre.
The ogre is almost dead.
The ogre hits you with a giant club!!
You die...

### ## #.#
###O.. #.#
###......
#.###.....#
#.##....#
#@O....#
#.....## #.....#
##....##
#)....###
##.......#######
#...............
#.###...<.......
#.# ##.....#####


You could see an ogre.

Vanquished Creatures
  An ogre (D:4)
  4 gnolls (D:3)
  7 adders
  2 dart slugs
  2 leopard geckos (D:3)
  4 bats
  4 giant cockroaches
  10 goblins
  7 hobgoblins
  8 kobolds
  2 quokkas (D:2)
  3 frilled lizards (D:2)
  13 rats
67 creatures vanquished.

Notes
Turn   | Place    | Note
-------+----------+-------------------------------------------
     0 | D:1      | Spoonicorn the Ogre Berserker began the quest for the Orb.
     0 | D:1      | Reached XP level 1. HP: 24/24 MP: 1/1
   152 | D:1      | Reached XP level 2. HP: 24/32 MP: 2/2
   157 | D:1      | Reached skill level 3 in Maces & Flails
   811 | D:1      | Reached XP level 3. HP: 39/39 MP: 3/3
   944 | D:2      | Found a faded altar of an unknown god.
   945 | D:2      | Reached ** piety under Trog
  1071 | D:2      | Found a radiant altar of Vehumet.
  1071 | D:2      | Found an ancient bone altar of Kikubaaqudgha.
  1071 | D:2      | Found a glowing golden altar of the Shining One.
  1072 | D:2      | Found a hide-covered altar of Uskayaw.
  1434 | D:2      | Reached XP level 4. HP: 39/49 MP: 4/4
  1842 | D:3      | Reached skill level 4 in Maces & Flails
  1911 | D:3      | Reached XP level 5. HP: 43/55 MP: 5/5
  2729 | D:4      | Noticed an ogre
  2741 | D:4      | Killed an ogre
  2741 | D:4      | Reached skill level 5 in Maces & Flails
  2741 | D:4      | Reached XP level 6. HP: 44/65 MP: 6/6
  2760 | D:4      | Annihilated by an ogre

Vault maps used:
D:1:      elethiomel_arrival_shortcut
D:2:      chequers_temple_overflow_statue_of_worship,
          chequers_ecumenical_altar_simple, first_ration
D:3:      supply_closet_lemuel
D:4:      marbit_many_paths, okawaru_metal_pillars_3, uniq_blork_the_orc

Skill      XL: |  1  2  3  4  5 |
---------------+----------------+-----
Maces & Flails | 3 4 5 |  5.1
Dodging        | 3 |  3.6
Fighting       | |  4.9

Action                   |  1- 3 |  4- 6 || total
-------------------------+-------+-------++-------
Melee: Mace              |   134 |   107 ||   241
Invok: Berserk           |     2 |     1 ||     3
 Stab: Sleeping          |       |     1 ||     1
  Eat: Chunk             |     2 |     7 ||     9
Armor: Animal skin       |    56 |    55 ||   111
Dodge: Dodged            |   100 |    58 ||   158

Table legend:
 A = Spawn XP
 B = Non-spawn XP
 C = Spawn XP percentage of total XP
 D = Spawn monster count
 E = Non-spawn monster count
 F = Spawn count percentage of total count
 G = Total turns spent on level
                    A         B        C        D         E        F      G
               +---------+---------+-------+---------+---------+-------+---------
         Total |       0 |     355 |   0.0 |       0 |      67 |   0.0 |  2760
               +---------+---------+-------+---------+---------+-------+---------
           D:1 |       0 |      34 |   0.0 |       0 |      21 |   0.0 |   940
           D:2 |       0 |      68 |   0.0 |       0 |      22 |   0.0 |   876
           D:3 |       0 |     140 |   0.0 |       0 |      23 |   0.0 |   901
           D:4 |       0 |     113 |   0.0 |       0 |       1 |   0.0 |    43
               +---------+---------+-------+---------+---------+-------+---------
